 Dungeon Crawl Stone Soup version 0.19.1 (webtiles) character file.

119919 lorenzova the Eclecticist (level 16, -8/94 HPs)
             Began as a Deep Elf Conjurer on Dec 3, 2016.
             Was a High Priest of Vehumet.
             Killed from afar by Nikola (18 damage)
             ... with a chain lightning
             ... on level 2 of the Elven Halls.
             The game lasted 01:34:41 (33831 turns).

lorenzova the Eclecticist (Deep Elf Conjurer)      Turns: 33831, Time: 01:34:42

Health: -8/94      AC: 17    Str:  8    XL:     16   Next: 28%
Magic:  39/62      EV: 20    Int: 34    God:    Vehumet [*****.]
Gold:   1346       SH:  2    Dex: 24    Spells: 9 memorised, 3 levels left

rFire  . . .     SeeInvis +     f - staff of power
rCold  x . .     Gourm    .     M - +2 ring mail {MR+}
rNeg   . . .     Faith    .     (no shield)
rPois  .         Spirit   .     O - +2 hat {Int+3}
rElec  .         Reflect  +     U - +0 cloak "Tovvac" {rC- Dex+4}
rCorr  .         Harm     .     u - +0 pair of gloves
MR     +++..                    b - +1 pair of boots {Fly}
Stlth  ++........               N - +2 amulet of reflection
                                a - ring "Ixydaerch" {MR+ Str+2 Int+2 Dex+4 SInv}
                                V - ring of the Octopus King {MP+9 AC+1 EV+1 Str+1 Int+1 Dex+1}

@: flying, very slightly contaminated
A: no striking features
a: Renounce Religion, Stop Flying


You were on level 2 of the Elven Halls.
You worshipped Vehumet.
Vehumet was extremely pleased with you.
You were not hungry.

You visited 4 branches of the dungeon, and saw 24 of its levels.
You also visited: Ice Cave.

You collected 2545 gold pieces.
You spent 1199 gold pieces at shops.

Inventory:

Hand Weapons
 Y - the +2 quarterstaff "Alefri" {freeze, Int+6}
   (You found it on level 5 of the Lair of Beasts)

   It has been specially enchanted to freeze those struck by it, causing extra
   injury to most foes and up to half again as much damage against particularly
   susceptible opponents.
   It can also slow down cold-blooded creatures.
   It affects your intelligence (+6).
Armour
 b - a +1 pair of boots of flying (worn)
 u - a +0 pair of gloves (worn)
 M - a +2 ring mail of magic resistance (worn)
 O - a +2 hat of intelligence (worn)
 U - the +0 cloak "Tovvac" (worn) {rC- Dex+4}
   (You found it on level 6 of the Lair of Beasts)

   It affects your dexterity (+4).
   It makes you vulnerable to cold.
Magical Staves
 f - an uncursed staff of power (weapon)
 w - an uncursed staff of energy
Jewellery
 a - the ring "Ixydaerch" (right hand) {MR+ Str+2 Int+2 Dex+4 SInv}
   (You bought it in a shop on level 7 of the Dungeon)

   [ring of strength]

   It affects your strength (+2).
   It affects your intelligence (+2).
   It affects your dexterity (+4).
   It affects your resistance to hostile enchantments.
   It lets you see invisible.
 y - an uncursed ring of positive energy
 N - a +2 amulet of reflection (around neck)
 V - a ring of the Octopus King (left hand) {MP+9 AC+1 EV+1 Str+1 Int+1 Dex+1}
   (You bought it in a shop on level 7 of the Dungeon)

   [ring of magical power]

   It affects your AC (+1).
   It affects your evasion (+1).
   It affects your strength (+1).
   It affects your intelligence (+1).
   It affects your dexterity (+1).
   It affects your magic capacity (+9).
Wands
 F - a wand of teleportation (4/9)
 W - a wand of disintegration (9/24)
 Z - a wand of digging (9/24)
Scrolls
 d - a scroll of fear
 h - 5 scrolls of amnesia
 j - a scroll of identify
 l - a scroll of fog
 n - 21 scrolls of remove curse
 p - 4 scrolls of recharging
 s - 11 scrolls of teleportation
 t - 4 scrolls of enchant weapon
 v - a scroll of silence
 K - 4 scrolls of magic mapping
 R - a scroll of blinking
 T - a scroll of enchant armour
Potions
 e - 3 potions of cancellation
 g - 3 potions of ambrosia
 i - 4 potions of mutation
 k - 10 potions of heal wounds
 m - 6 potions of brilliance
 o - 4 potions of invisibility
 q - 4 potions of magic
 r - 3 potions of agility {unknown}
 x - 9 potions of curing {unknown}
 z - 6 potions of flight {unknown}
 A - 3 potions of lignification {unknown}
 C - 2 potions of degeneration {unknown}
 E - 2 potions of might {unknown}
 I - a potion of resistance {unknown}
 J - 4 potions of haste {unknown}
 Q - a potion of cure mutation {unknown}
Miscellaneous
 L - a crystal ball of energy
Comestibles
 c - 13 bread rations
 B - a beef jerky


   Skills:
 - Level 8.6 Fighting
 - Level 3.9 Staves
 - Level 8.6 Armour
 - Level 12.2 Dodging
 - Level 2.4 Stealth
 + Level 16.9 Spellcasting
 + Level 14.8 Conjurations
 - Level 9.7 Charms
 + Level 11.8 Fire Magic
 * Level 6.6 Ice Magic
 + Level 3.8 Air Magic


You had 3 spell levels left.
You knew the following spells:

 Your Spells              Type           Power        Failure   Level  Hunger
a - Magic Dart            Conj           ####         0%          1    None
b - Iskenderun's Battles  Conj/Chrm      #######.     1%          5    None
c - Iskenderun's Mystic   Conj           #######.     1%          4    None
d - Freezing Cloud        Conj/Ice/Air   ######....   4%          6    None
e - Bolt of Draining      Conj/Necr      ######....   1%          5    None
f - Fireball              Conj/Fire      #######...   1%          5    None
m - Bolt of Fire          Conj/Fire      #######...   1%          6    None
n - Bolt of Cold          Conj/Ice       #######...   2%          6    None
o - Orb of Destruction    Conj           #######...   2%          7    ####...


Dungeon Overview and Level Annotations

Branches:
Dungeon (14/15)            Temple (0/1) D:7            Lair (6/6) D:9
  Swamp (0/4) Lair:2       Spider (0/4) Lair:2        Slime (0/5) Lair:5
    Orc (2/2) D:10            Elf (2/3) Orc:2        Vaults (0/5) D:13

Altars:
Ashenzari
Dithmenos
Elyvilon
Fedhas
Gozag
Hepliaklqana
Kikubaaqudgha
Makhleb
Okawaru
Ru
Sif Muna
Uskayaw
Vehumet
Xom
Zin
Beogh
Jiyva

Shops:
D:5 [   D:7 =   D:10 :   Orc:2 :[(*

Annotations:
Lair:5 1 runed door
Elf:2 Nikola


Message History

Unknown command.
You start resting.
Nikola the Mad Inventor comes into view.
He is wielding a rapier of electrocution.
Nikola is nearby!
Press: ? - help, v - describe, . - travel
Here: Nikola, wielding a rapier of electrocution, wearing a glowing cloak and wearing a pair of gloves The floor.
Unknown command.
Blink to where?
Press: ? - help, Dir - move target cursor You are very lightly contaminated with residual magic.
As you read the scroll of blinking, it crumbles to dust.
There is a stone staircase leading up here.
You start resting.
Nikola mumbles some strange words.
You hear a mighty clap of thunder!
The lightning arc hits you!
* * * LOW HITPOINT WARNING * * *
The lightning arc hits Nikola.
The lightning arc hits you!
You die...

##.......##
#.......#
##'....)##
##.#....)'##
####
##.###'####)##
#..### ##.##
#.# ##.##
#.(..####.##
#.# ##(##
#......#'##
#.# ##.#
#.......@###
#.# ##'
#....>.)...#
#.# ##.
#........###
#+# #.<
#......### #..
#.....## #.)
#..##@# +..
#####.# #..
#(# ##. #)# #+


You could see Nikola.

Vanquished Creatures
  Gastronok (Lair:3)
  A storm dragon (D:14)
  2 deep elf sorcerers (Elf:1)
  An orc warlord (Orc:2)
  3 fire giants (D:14)
  The ghost of Scuka the Cutthroat, a journeyman KoBe of Trog (Orc:2)
  Snorg (D:12)
  The ghost of TotoDurand the Fighter, a journeyman NaFi of Cheibriados (IceCv)
  A fire dragon (Lair:6)
  Harold (Lair:2)
  An ice dragon (D:14)
  2 hydras (Lair:4)
  8 centaur warriors
  3 dancing weapons
  The ghost of Scuka the Swashbuckler, a journeyman KoBe of Trog (D:9)
  An ogre mage (D:14)
  A deep troll earth mage (D:14)
  4 orc high priests
  5 deep elf knights
  Urug (D:13)
  Nergalle (Lair:3)
  A fire crab (Lair:6)
  A wizard (Elf:1)
  An unseen horror (D:13)
  5 orc knights (Orc:2)
  8 hill giants
  A phantasmal warrior (D:14)
  7 deep elf archers
  A wolf spider zombie (D:13)
  2 wolf spiders
  An orb spider (Lair:2)
  30 deep elf magi
  An oklob plant (Lair:5)
  6 orc sorcerers (Orc:2)
  6 ugly things
  5 cyclopes
  A manticore (D:14)
  14 elephants
  A guardian serpent (Lair:6)
  Psyche (D:9)
  3 ice statues (IceCv)
  5 black mambas
  3 gargoyles
  15 spiny frogs
  An efreet (D:13)
  The ghost of azzavlup the Magician, a novice MfIE of Yredelemnul (D:5)
  5 rime drakes
  A yaktaur (D:14)
  10 komodo dragons
  2 tengu conjurers (D:13)
  7 trolls
  3 polar bears (D:10)
  6 hornets
  11 blink frogs
  9 hippogriffs
  3 slime creatures (D:12)
  An air elemental (Elf:2)
  4 redbacks (Lair:6)
  A shadow (D:11)
  33 yaks
  3 water elementals (Elf:1)
  9 wyverns
  14 humans (D:13)
  A human (shapeshifter) (D:14)
  3 steam dragons
  3 hogs (D:10)
  2 wraiths (D:13)
  3 basilisks
  A fire elemental (Elf:1)
  3 vampire mosquitoes (D:13)
  A hungry ghost (D:10)
  2 mottled dragons (Lair:6)
  5 wargs
  5 swamp worms (Lair:2)
  18 water moccasins
  5 porcupines
  A swamp drake (Lair:6)
  35 orc warriors
  8 ice beasts
  3 sky beasts
  5 phantoms
  11 black bears
  12 ogres
  2 boggarts (Elf:1)
  15 centaurs
  2 necrophages (D:7)
  3 wolves (Lair:1)
  A centaur (shapeshifter) (D:14)
  16 crocodiles
  4 big kobolds
  A gnoll sergeant (D:8)
  14 bullfrogs
  A wyvern skeleton (D:11)
  2 earth elementals (Elf:1)
  10 killer bees
  8 scorpions
  2 wights (D:6)
  A howler monkey (D:9)
  2 electric eels
  5 crimson imps
  3 bullfrog zombies
  15 hounds
  A quasit (D:10)
  A centaur zombie (D:8)
  2 jellies
  15 orc priests
  5 centaur skeletons
  17 orc wizards
  A bullfrog skeleton (D:13)
  Jessica (D:2)
  Terence (D:2)
  3 iguanas
  18 worker ants
  2 hound skeletons
  A howler monkey zombie (D:7)
  18 adders
  14 gnolls
  A river rat (Lair:6)
  3 shadow imps
  2 oozes
  An adder zombie (D:8)
  An adder skeleton (D:4)
  4 worms
  5 leopard geckos
  61 orcs
  2 giant cockroaches (D:1)
  9 goblins
  4 hobgoblins
  11 jackals
  19 kobolds
  A quokka (D:7)
  A ball python (D:5)
  A ball python skeleton (D:5)
  7 bats
  6 frilled lizards
  A jackal skeleton (D:5)
  A quokka skeleton (D:4)
  9 rats
  A fungus (Orc:2)
  2 plants
771 creatures vanquished.

Vanquished Creatures (collateral kills)
  3 meliai (D:14)
  A crimson imp (D:14)
4 creatures vanquished.

Vanquished Creatures (others)
  A meliai zombie (D:13)
  A human (D:13)
  A bullfrog (D:13)
  An orc (D:13)
  21 fungi
  29 plants
54 creatures vanquished.

Grand Total: 829 creatures vanquished

Notes
Turn   | Place    | Note
-------+----------+-------------------------------------------
     0 | D:1      | lorenzova the Deep Elf Conjurer began the quest for the Orb.
     0 | D:1      | Reached XP level 1. HP: 10/10 MP: 6/6
   294 | D:1      | Reached XP level 2. HP: 15/15 MP: 3/8
   871 | D:2      | Found a shattered altar of Ashenzari.
   875 | D:2      | Reached skill level 5 in Conjurations
   923 | D:2      | Found a sacrificial altar of Ru.
   937 | D:2      | Reached skill level 4 in Spellcasting
   937 | D:2      | Reached XP level 3. HP: 19/19 MP: 6/10
  1217 | D:2      | Found a burning altar of Makhleb.
  1222 | D:2      | Reached XP level 4. HP: 24/24 MP: 5/12
  1228 | D:2      | Learned a level 4 spell: Iskenderun's Mystic Blast
  1378 | D:2      | Noticed Jessica
  1382 | D:2      | Killed Jessica
  1483 | D:2      | Reached skill level 5 in Spellcasting
  1498 | D:2      | Noticed Terence
  1536 | D:2      | Killed Terence
  1784 | D:2      | Found a hazy altar of Hepliaklqana.
  1835 | D:2      | Reached XP level 5. HP: 28/28 MP: 8/14
  2319 | D:3      | Found a deep blue altar of Sif Muna.
  2394 | D:3      | You fall through a shaft for 2 floors!
  2394 | D:5      | Entered Level 5 of the Dungeon
  2516 | D:4      | Reached skill level 6 in Spellcasting
  3349 | D:4      | Noticed a phantom
  3419 | D:4      | Reached XP level 6. HP: 32/32 MP: 7/17
  3426 | D:4      | Learned a level 5 spell: Iskenderun's Battlesphere
  3882 | D:4      | Reached skill level 1 in Charms
  4044 | D:4      | Found a radiant altar of Vehumet.
  4053 | D:4      | Became a worshipper of Vehumet
  4064 | D:4      | Reached skill level 7 in Spellcasting
  4584 | D:4      | Reached XP level 7. HP: 29/36 MP: 0/20
  4805 | D:5      | Found a faded altar of an unknown god.
  4805 | D:5      | Found a faded altar of an unknown god.
  4813 | D:5      | Noticed azzavlup's ghost (novice MfIE)
  4974 | D:5      | Found an opulent altar of Gozag.
  5004 | D:5      | Reached skill level 8 in Spellcasting
  5252 | D:5      | Killed azzavlup's ghost
  5252 | D:5      | Reached XP level 8. HP: 41/41 MP: 4/22
  5397 | D:5      | Reached skill level 9 in Spellcasting
  5512 | D:5      | Found a faded altar of an unknown god.
  5514 | D:5      | Found a faded altar of an unknown god.
  5516 | D:5      | Found an iron altar of Okawaru.
  5719 | D:5      | Found a hide-covered altar of Uskayaw.
  5745 | D:5      | Reached * piety under Vehumet
  5745 | D:5      | Offered knowledge of Sandblast by Vehumet.
  5777 | D:5      | Found Pekoegel's Antique Armour Shop.
  6349 | D:6      | Reached skill level 5 in Charms
  6635 | D:6      | Reached skill level 10 in Spellcasting
  7080 | D:6      | Noticed an angel
  7081 | D:6      | Found a glowing silver altar of Zin.
  7245 | D:7      | Reached XP level 9. HP: 45/45 MP: 16/25
  7337 | D:7      | Reached skill level 11 in Spellcasting
  7341 | D:7      | Offered knowledge of Sting by Vehumet.
  7342 | D:7      | Reached ** piety under Vehumet
  7417 | D:7      | Found a white marble altar of Elyvilon.
  7447 | D:7      | Reached skill level 10 in Conjurations
  7592 | D:7      | Found Loneng's Jewellery Shop.
  7615 | D:7      | Found a blossoming altar of Fedhas.
  7880 | D:7      | Found a staircase to the Ecumenical Temple.
  8726 | D:8      | Reached skill level 12 in Spellcasting
  9597 | D:9      | Reached XP level 10. HP: 50/50 MP: 18/28
  9600 | D:9      | Offered knowledge of Inner Flame by Vehumet.
  9763 | D:9      | Found a shadowy altar of Dithmenos.
  9844 | D:9      | Noticed Psyche
  9847 | D:9      | Killed Psyche
  9932 | D:9      | Reached skill level 13 in Spellcasting
  9999 | D:9      | Reached *** piety under Vehumet
 10036 | D:9      | Noticed Scuka's ghost (journeyman KoBe)
 10041 | D:9      | Killed Scuka's ghost
 10219 | D:9      | Found a burning altar of Makhleb.
 10245 | D:9      | Found a shimmering altar of Xom.
 10361 | D:9      | Found a staircase to the Lair.
 10413 | Lair:1   | Entered Level 1 of the Lair of Beasts
 10437 | Lair:1   | Noticed a spiny frog
 10441 | Lair:1   | Killed a spiny frog
 10676 | Lair:1   | Noticed a spiny frog
 10680 | Lair:1   | Killed a spiny frog
 10680 | Lair:1   | Reached skill level 14 in Spellcasting
 10680 | Lair:1   | Reached XP level 11. HP: 54/54 MP: 8/31
 10890 | Lair:1   | Found a radiant altar of Vehumet.
 11132 | Lair:1   | Reached skill level 1 in Fighting
 11132 | Lair:1   | Reached skill level 1 in Armour
 11137 | Lair:1   | Offered knowledge of Mephitic Cloud by Vehumet.
 11764 | Lair:2   | Found a hole to the Spider Nest.
 11764 | Lair:2   | Noticed an orb spider
 11767 | Lair:2   | Killed an orb spider
 11893 | Lair:2   | Reached skill level 5 in Dodging
 12258 | Lair:2   | Noticed Harold
 12263 | Lair:2   | Killed Harold
 12732 | Lair:2   | Found a staircase to the Swamp.
 12944 | Lair:3   | Noticed Gastronok
 12951 | Lair:3   | Killed Gastronok
 12951 | Lair:3   | Reached XP level 12. HP: 67/67 MP: 3/32
 13341 | Lair:3   | Reached **** piety under Vehumet
 13345 | Lair:3   | Noticed Nergalle
 13347 | Lair:3   | Killed Nergalle
 13347 | Lair:3   | Reached skill level 5 in Fighting
 13370 | Lair:3   | Reached skill level 5 in Armour
 14331 | Lair:4   | Noticed an eight-headed hydra
 14336 | Lair:4   | Killed an eight-headed hydra
 14573 | Lair:4   | Noticed a seven-headed hydra
 14577 | Lair:4   | Killed a seven-headed hydra
 14800 | Lair:5   | Found a runed door.
 14802 | Lair:5   | Found a viscous altar of Jiyva.
 14803 | Lair:5   | Found a staircase to the Slime Pits.
 14986 | Lair:5   | Found a sacrificial altar of Ru.
 15117 | Lair:5   | Offered knowledge of Throw Icicle by Vehumet.
 15258 | Lair:5   | Got a jewelled quarterstaff
 15259 | Lair:5   | Identified the cursed +2 quarterstaff "Alefri" {freeze, Int+6} (You found it on level 5 of the Lair of Beasts)
 15812 | Lair:6   | Entered Level 6 of the Lair of Beasts
 16037 | Lair:6   | Reached skill level 10 in Dodging
 16709 | Lair:6   | Reached XP level 13. HP: 76/76 MP: 33/33
 17106 | Lair:6   | Reached ***** piety under Vehumet
 17106 | Lair:6   | Offered knowledge of Bolt of Draining by Vehumet.
 18226 | Lair:6   | Noticed a fire dragon
 19075 | Lair:6   | Killed a fire dragon
 19294 | Lair:6   | Got a slimy cloak
 19300 | Lair:6   | Identified the +0 cloak "Tovvac" {rC- Dex+4} (You found it on level 6 of the Lair of Beasts)
 19858 | D:7      | Bought the ring "Ixydaerch" {MR+ Str+2 Int+2 Dex+4 SInv} for 479 gold pieces
 19922 | D:5      | Bought a pair of glowing boots for 178 gold pieces
 20014 | D:10     | Entered Level 10 of the Dungeon
 20014 | D:10     | Found a huge runed gate.
 20014 | D:10     | Found a huge runed gate.
 20014 | D:10     | Found a huge runed gate.
 20014 | D:10     | Found a huge runed gate.
 20161 | D:10     | Found a staircase to the Orcish Mines.
 20467 | D:10     | Found Uwkutal's Book Shop.
 20495 | D:10     | Reached skill level 1 in Staves
 20810 | D:10     | Learned a level 5 spell: Bolt of Draining
 21356 | D:10     | Offered knowledge of Fireball by Vehumet.
 21567 | D:10     | Reached XP level 14. HP: 84/84 MP: 30/34
 21779 | D:11     | Learned a level 5 spell: Fireball
 22181 | D:11     | Reached skill level 1 in Fire Magic
 22892 | D:12     | Noticed Snorg
 22897 | D:12     | Killed Snorg
 24152 | Orc:1    | Entered Level 1 of the Orcish Mines
 24280 | Orc:2    | Entered Level 2 of the Orcish Mines
 24280 | Orc:2    | Found Kigekat's General Store.
 24280 | Orc:2    | Noticed an orc warlord
 24283 | Orc:2    | Reached skill level 5 in Fire Magic
 25084 | Orc:1    | Found a roughly hewn altar of Beogh.
 25393 | Orc:2    | Found Feamyil's Antique Armour Shoppe.
 25405 | Orc:2    | Noticed Scuka's ghost (journeyman KoBe)
 25805 | Orc:2    | Killed Scuka's ghost
 26120 | Orc:2    | Reached skill level 15 in Spellcasting
 26281 | Orc:2    | Killed an orc warlord
 26589 | Orc:2    | Found a staircase to the Elven Halls.
 26617 | Orc:2    | Found Ceyfeqavu's Book Emporium.
 26632 | Orc:2    | Found Dexeulolai's Antique Weapon Boutique.
 26639 | Orc:2    | Reached ****** piety under Vehumet
 26874 | Orc:2    | Found a roughly hewn altar of Beogh.
 27164 | D:7      | Bought a ring of the Octopus King {MP+9 AC+1 EV+1 Str+1 Int+1 Dex+1} for 542 gold pieces
 27361 | D:13     | Found a gate to the Vaults.
 27361 | D:13     | Noticed Urug
 27415 | D:13     | Offered knowledge of Poisonous Cloud by Vehumet.
 27978 | D:13     | Reached XP level 15. HP: 48/89 MP: 22/36
 28382 | D:13     | Found an ancient bone altar of Kikubaaqudgha.
 28446 | D:13     | Killed Urug
 28708 | D:14     | Found a frozen archway.
 28711 | D:14     | Offered knowledge of Bolt of Fire by Vehumet.
 28814 | IceCv    | Entered an ice cave
 29245 | IceCv    | Noticed TotoDurand's ghost (journeyman NaFi)
 29247 | IceCv    | Killed TotoDurand's ghost
 29321 | IceCv    | Learned a level 6 spell: Bolt of Fire
 29542 | D:14     | Reached skill level 10 in Fire Magic
 29607 | D:14     | Reached skill level 16 in Spellcasting
 29889 | D:14     | Noticed a fire giant
 29893 | D:14     | Killed a fire giant
 29962 | D:14     | Learned a level 6 spell: Bolt of Cold
 29973 | D:14     | Learned a level 6 spell: Freezing Cloud
 30003 | D:14     | Noticed a fire giant
 30005 | D:14     | Killed a fire giant
 30008 | D:14     | Noticed a storm dragon
 30399 | D:14     | Noticed a fire giant
 30402 | D:14     | Killed a fire giant
 30594 | D:14     | Reached skill level 1 in Ice Magic
 30792 | D:14     | Got a dazzling leather armour
 30835 | D:14     | Identified the +1 leather armour of Loangit {Str+4} (You found it on level 14 of the Dungeon)
 31025 | D:14     | Reached skill level 1 in Air Magic
 31088 | D:14     | Killed a storm dragon
 31992 | Elf:1    | Entered Level 1 of the Elven Halls
 32186 | Elf:1    | Noticed a deep elf sorcerer
 32193 | Elf:1    | Noticed a deep elf sorcerer
 32194 | Elf:1    | Killed a deep elf sorcerer
 32595 | Elf:1    | Offered knowledge of Orb of Destruction by Vehumet.
 32604 | Elf:1    | Learned a level 7 spell: Orb of Destruction
 32751 | Elf:1    | Noticed a deep elf sorcerer
 32752 | Elf:1    | Killed a deep elf sorcerer
 32849 | Elf:1    | Reached skill level 5 in Ice Magic
 32849 | Elf:1    | Reached XP level 16. HP: 94/94 MP: 38/38
 33824 | Elf:2    | Noticed Nikola
 33831 | Elf:2    | Killed from afar by Nikola

Skill      XL: |  1  2  3  4  5  6  7  8  9 10 11 12 13 14 15 16 |
---------------+-------------------------------------------------+-----
Conjurations   | 5 6 7 8 9 11 12 13 14 | 14.8
Spellcasting   | 4 5 6 7 8 10 12 14 15 16 | 16.9
Charms         | 2 3 5 7 9 |  9.7
Fighting       | 4 6 8 |  8.6
Armour         | 4 6 8 |  8.6
Dodging        | 7 10 12 | 12.2
Staves         | 3 |  3.9
Fire Magic     | 8 11 | 11.8
Ice Magic      | 5 6 |  6.6
Air Magic      | 2 3 |  3.8
Stealth        | |  2.4

Action                   |  1- 3 |  4- 6 |  7- 9 | 10-12 | 13-15 | 16-18 || total
-------------------------+-------+-------+-------+-------+-------+-------++-------
Melee: Flail             |       |       |     6 |       |       |       ||     6
       Unarmed           |       |       |     1 |       |       |       ||     1
       Quarterstaff      |       |       |       |     2 |    56 |       ||    58
 Cast: Magic Dart        |    52 |   156 |   154 |   217 |   396 |     2 ||   977
       Iskenderun's Myst |       |     6 |    62 |    93 |   228 |    15 ||   404
       Iskenderun's Batt |       |       |    21 |    70 |   146 |     4 ||   241
       Bolt of Draining  |       |       |       |       |    11 |       ||    11
       Fireball          |       |       |       |       |    53 |     1 ||    54
       Bolt of Fire      |       |       |       |       |    63 |    18 ||    81
       Bolt of Cold      |       |       |       |       |    13 |     6 ||    19
       Orb of Destructio |       |       |       |       |     2 |       ||     2
       Freezing Cloud    |       |       |       |       |       |     3 ||     3
Evoke: Wand              |       |       |       |     2 |     9 |       ||    11
  Use: Scroll            |       |       |     4 |     6 |    21 |     2 ||    33
       Potion            |       |       |       |       |       |     1 ||     1
 Stab: Sleeping          |       |       |       |       |     1 |       ||     1
  Eat: Chunk             |       |     9 |     9 |    14 |    36 |       ||    68
       Pizza             |       |     1 |       |       |       |       ||     1
       Fruit             |       |       |     3 |     6 |     4 |       ||    13
       Meat ration       |       |       |     1 |     2 |     1 |       ||     4
       Royal jelly       |       |       |     1 |       |     1 |       ||     2
       Bread ration      |       |       |       |       |       |     1 ||     1
Armor: Robe              |     2 |     5 |     8 |     1 |       |       ||    16
       Leather armour    |       |       |       |    15 |    31 |       ||    46
       Ring mail         |       |       |       |       |    10 |     4 ||    14
Dodge: Dodged            |     6 |    14 |    40 |    31 |   252 |     8 ||   351
Block: Other             |       |       |       |     1 |    12 |       ||    13
       Reflection        |       |       |       |       |     2 |       ||     2
